 Dungeon Crawl Stone Soup version 0.30-b1-2-g02819fbbbe (webtiles) character file.

Game seed: 9637965709751400019

27014 raph the Arsonist (level 13, -1/74 HPs)
             Began as a Deep Elf Fire Elementalist on Nov 19, 2023.
             Was a High Priest of Vehumet.
             Slain by a skyshark (10 damage)
             ... on level 5 of the Lair of Beasts on Nov 20, 2023.
             The game lasted 00:32:27 (21117 turns).

raph the Arsonist (Deep Elf Fire Elementalist)     Turns: 21117, Time: 00:32:27

Health: -1/74      AC: 19    Str:  5    XL:     13   Next: 2%
Magic:  3/29       EV: 20    Int: 26    God:    Vehumet [*****.]
Gold:   618        SH:  0    Dex: 15    Spells: 1/32 levels left

rFire   . . .        L - +5 woodcutter's axe
rCold   . . .        (shield currently unavailable)
rNeg    . . .        I - +2 acid dragon scales
rPois   .            p - +2 helmet
rElec   .            F - +0 cloak {Will+}
rCorr   +            (no gloves)
SInv    .            e - +1 pair of boots
Will    ++...        Y - amulet of regeneration
Stlth   ++++         h - +4 ring of protection
HPRegen 1.12/turn    S - +5 ring of evasion
MPRegen 0.21/turn

%: no passive effects
@: studying Dodging
A: no striking features
a: Renounce Religion


You were on level 5 of the Lair of Beasts.
You worshipped Vehumet.
Vehumet was extremely pleased with you.
You visited 2 branches of the dungeon, and saw 15 of its levels.
You also visited: Sewer.

You collected 1075 gold pieces.
You spent 457 gold pieces at shops.

Inventory:

Hand Weapons
 k - a +0 shortbow of freezing
 L - the +5 woodcutter's axe (weapon)
   (You found it on level 9 of the Dungeon)
Missiles
 l - 18 poisoned darts
 y - 2 throwing nets
 J - 2 boomerangs of dispersal
Armour
 a - a +0 robe
 e - a +1 pair of boots (worn)
 p - a +2 helmet (worn)
 F - a +0 cloak of willpower (worn)
 I - +2 acid dragon scales (worn)
 M - a +0 buckler
Jewellery
 b - a +5 ring of evasion
 h - a +4 ring of protection (left hand)
 i - a ring of see invisible
 j - a ring of willpower
 q - an amulet of magic regeneration
 B - an amulet of guardian spirit
 K - a ring of ice
 N - a +6 ring of strength
 Q - a ring of positive energy
 S - a +5 ring of evasion (right hand)
 T - a ring of poison resistance
 W - an amulet of faith
 Y - an amulet of regeneration (around neck)
Wands
 t - a wand of flame (5)
 E - a wand of polymorph (3)
 H - a wand of iceblast (19)
 P - a wand of mindburst (8)
 U - a wand of digging (2)
 X - a wand of charming (6)
Scrolls
 o - 4 scrolls of fog
 v - 5 scrolls of identify
 x - 3 scrolls of magic mapping
 A - 8 scrolls of teleportation
 D - 2 scrolls of immolation
 O - a scroll of silence
 R - 2 scrolls of blinking
 V - 3 scrolls of torment
 Z - a scroll of fear
Potions
 c - 5 potions of flight
 d - 5 potions of might
 f - 2 potions of berserk rage
 g - 8 potions of curing
 m - 7 potions of brilliance
 n - 2 potions of haste
 r - 3 potions of mutation
 s - 2 potions of heal wounds
 u - 4 potions of lignification
 z - a potion of attraction
 C - a potion of cancellation
 G - 2 potions of resistance


   Skills:
 + Level 5.9 Fighting
 + Level 3.8 Armour
 + Level 11.2 Dodging
 + Level 9.8 Stealth
 + Level 10.1 Spellcasting
 * Level 11.4 Conjurations
 - Level 6.7 Hexes
 * Level 11.8 Fire Magic
 + Level 5.5 Earth Magic


You had one spell level left.
You knew the following spells:

 Your Spells              Type           Power      Damage    Failure   Level
a - Foxfire               Conj/Fire      100%       2x1d9     1%          1
b - Scorch                Fire           100%       2d9       1%          2
c - Inner Flame           Hex/Fire       57%        N/A       1%          3
d - Volatile Blastmotes   Fire/Tloc      86%        2d17      1%          3
e - Flame Wave            Conj/Fire      65%        2d15      1%          4
f - Stone Arrow           Conj/Erth      100%       3d13      1%          3
g - Tukima's Dance        Hex            48%        N/A       1%          3
h - Iskenderun's Mystic   Conj/Tloc      43%        2d10      2%          4
i - Dazzling Flash        Conj/Hex       100%       N/A       1%          3
j - Lee's Rapid Deconstr  Erth           20%        3d12*     7%          5

Your spell library contained the following spells:

 Spells                   Type           Power      Damage    Failure   Level
 Portal Projectile        Hex/Tloc       60%        N/A       7%          3
 Silence                  Hex/Air        15%        N/A       54%         5
 Manifold Assault         Tloc           13%        N/A       67%         4
 Agony                    Necr           13%        N/A       95%         5
 Blade Hands              Tmut           6%         N/A       95%         5
 Dispersal                Tloc           6%         N/A       100%        6
 Disjunction              Tloc           6%         N/A       100%        8


Dungeon Overview and Level Annotations

Branches:
Dungeon (10/15)            Temple (0/1) D:5            Lair (5/5) D:10
  Swamp (0/4) Lair:3       Spider (0/4) Lair:2          Orc (0/2) D:10
  Sewer (visited)
  Slime: Lair:4-5

Altars:
Cheibriados
Fedhas
Nemelex Xobeh
Uskayaw
Vehumet
Xom
Yredelemnul

Shops:
D:3 =   D:10 ([


Message History

Aim: a skyshark (heavily wounded, berserk, 79% to hit)
The bolt of acid hits the skyshark!
The acid corrodes the skyshark!
The skyshark is severely wounded.
The skyshark closely misses you.
The skyshark tail-slaps you but does no damage.
The skyshark barely misses you. The skyshark closely misses you. x2
The skyshark misses you.
Your magical contamination has completely faded away.
Aiming: Corrosive Bolt
Press: ? - help, Shift-Dir - straight line, f/p - skyshark
Aim: a skyshark (severely wounded, berserk, covered in acid, 79% to hit)
The bolt of acid hits the skyshark!
The skyshark seems to be corroded for longer.
The skyshark is severely wounded.
The skyshark bites you but does no damage.
The skyshark closely misses you. The skyshark misses you.
Aiming: Corrosive Bolt
Press: ? - help, Shift-Dir - straight line, f/p - skyshark
Aim: a skyshark (severely wounded, berserk, covered in acid, 79% to hit)
The bolt of acid misses the skyshark.
The skyshark bites you but does no damage.
The skyshark misses you.
The skyshark tail-slaps you but does no damage.
The skyshark misses you. The skyshark completely misses you.
The skyshark closely misses you.
Aiming: Mindburst
Press: ? - help, Shift-Dir - straight line, f/p - skyshark
Aim: a skyshark (severely wounded, berserk, covered in acid, chance to affect: 47%)
The skyshark's mind is blasted!
The skyshark misses you. The skyshark tail-slaps you! x2
Aiming: Corrosive Bolt
Press: ? - help, Shift-Dir - straight line, f/p - skyshark
Aim: a skyshark (almost dead, berserk, covered in acid, 79% to hit)
The bolt of acid misses the skyshark.
The now-empty wand crumbles to dust.
The skyshark bites you!!
* * * LOW HITPOINT WARNING * * *
The skyshark closely misses you.
The skyshark tail-slaps you but does no damage.
The skyshark bites you!
You die...

#... #..# #..#
#?. #..# ..
#..# .. ##.#
#..#
...#..P####..#
...#...#..#..##
.........@....#
........l....##
.........?....#
....#.....#..#
.#. #...###.##
. ##P..##...#
##......#.##
#......l..##
##......#..#


You could see a skyshark (berserk, corroded).

Vanquished Creatures
  3 hydras
  A boulder beetle (Lair:5)
  A two-headed ogre (D:8)
  Urug (Lair:5)
  Sonja (Lair:5)
  2 skysharks
  Pikel (D:7)
  An elephant (Lair:4)
  9 cane toads
  4 black mambas
  8 komodo dragons
  5 rime drakes
  A hornet (Lair:5)
  Prince Ribbit (D:9)
  6 blink frogs (Lair:5)
  Sigmund (D:4)
  3 culicivoras (Lair:2)
  A shadow (D:10)
  24 yaks
  3 wyverns
  A basilisk (Lair:4)
  Menkaure (D:7)
  2 steam dragons
  2 vampire mosquitoes (D:8)
  2 acid dragons
  12 water moccasins
  An ice beast (D:4)
  3 orc warriors
  2 sky beasts
  3 black bears
  5 wolves (Lair:5)
  4 ogres
  3 centaurs
  4 lemures (D:7)
  2 kobold brigands
  7 bullfrogs
  4 gnoll sergeants
  A scorpion (D:6)
  5 wights (D:5)
  18 killer bees
  2 howler monkeys
  10 orc priests
  5 hounds
  2 jellies
  Crazy Yiuf (D:7)
  3 gnoll boudas
  2 sleepcaps
  Natasha (thrice) (D:3)
  4 iguanas
  12 orc wizards
  29 gnolls
  8 adders
  4 river rats (Sewer)
  A shadow imp (D:6)
  2 white imps
  An ufetubus (D:6)
  2 worms
  4 dart slugs
  34 orcs
  9 ball pythons
  8 bats
  5 endoplasms
  4 giant cockroaches
  6 goblins
  10 hobgoblins
  14 jackals
  5 quokkas
  3 frilled lizards
  18 kobolds
  4 rats
374 creatures vanquished.

Vanquished Creatures (collateral kills)
  37 foxfires
37 creatures vanquished.

Vanquished Creatures (others)
  993 foxfires
  32 fungi
  81 plants
  29 withered plants (Lair:5)
1135 creatures vanquished.

Grand Total: 1546 creatures vanquished

Notes
Turn   | Place    | Note
-------+----------+-------------------------------------------
     0 | D:1      | raph the Deep Elf Fire Elementalist began the quest for the
                  | Orb.
     0 | D:1      | Reached XP level 1. HP: 10/10 MP: 6/6
    55 | D:1      | Reached XP level 2. HP: 2/15 MP: 2/8
   391 | D:1      | Learned a level 2 spell: Scorch
   874 | D:1      | Reached XP level 3. HP: 5/20 MP: 5/9
   878 | D:1      | Learned a level 3 spell: Inner Flame
  2204 | D:2      | Reached XP level 4. HP: 24/24 MP: 5/11
  2723 | D:3      | Found Eqyal's Jewellery Shoppe.
  2836 | D:3      | Found a glowing drain.
  2873 | Sewer    | Entered a sewer
  2959 | Sewer    | Reached skill level 1 in Fighting
  2959 | Sewer    | Reached XP level 5. HP: 29/29 MP: 3/12
  4091 | Sewer    | Learned a level 3 spell: Volatile Blastmotes
  4201 | Sewer    | Reached XP level 6. HP: 33/34 MP: 10/14
  4637 | D:3      | Noticed Natasha
  4640 | D:3      | Killed Natasha
  4825 | D:3      | Found a radiant altar of Vehumet.
  4825 | D:3      | Found a basalt altar of Yredelemnul.
  4836 | D:3      | Became a worshipper of Vehumet
  5274 | D:3      | Noticed Natasha
  5278 | D:3      | Killed Natasha
  5302 | D:3      | Noticed Natasha
  5305 | D:3      | Killed Natasha
  5306 | D:3      | Reached skill level 5 in Fire Magic
  5551 | D:4      | Noticed an ice beast
  5558 | D:4      | Killed an ice beast
  5559 | D:4      | Reached XP level 7. HP: 39/39 MP: 6/15
  5768 | D:4      | Learned a level 4 spell: Flame Wave
  5824 | D:4      | Noticed Sigmund
  5832 | D:4      | Killed Sigmund
  6268 | D:4      | Reached skill level 5 in Spellcasting
  6268 | D:4      | Reached skill level 5 in Conjurations
  6380 | D:4      | Reached XP level 8. HP: 45/45 MP: 11/17
  6907 | D:5      | Entered Level 5 of the Dungeon
  7118 | D:5      | Reached skill level 5 in Stealth
  7192 | D:5      | Reached * piety under Vehumet
  7192 | D:5      | Offered knowledge of Shock by Vehumet.
  7363 | D:5      | Found a staircase to the Ecumenical Temple.
  7810 | D:5      | Identified the +10 war axe of Shifting Destruction
                  | {antimagic, rN+ Int+2}
  7822 | D:5      | Reached skill level 5 in Dodging
  7983 | D:5      | Found a sparkling altar of Nemelex Xobeh.
  8114 | D:5      | Found a hide-covered altar of Uskayaw.
  8491 | D:6      | Reached XP level 9. HP: 50/50 MP: 14/20
  8899 | D:6      | Reached ** piety under Vehumet
  8902 | D:6      | Offered knowledge of Freeze by Vehumet.
  9204 | D:6      | Found a shimmering altar of Xom.
  9204 | D:6      | Found a snail-covered altar of Cheibriados.
  9543 | D:7      | Noticed Menkaure
  9551 | D:7      | Killed Menkaure
 10027 | D:7      | Noticed Pikel
 10144 | D:7      | Killed Pikel
 10150 | D:7      | Offered knowledge of Stone Arrow by Vehumet.
 10151 | D:7      | Reached XP level 10. HP: 38/56 MP: 0/22
 10155 | D:7      | Learned a level 3 spell: Stone Arrow
 10159 | D:7      | Learned a level 3 spell: Tukima's Dance
 10414 | D:7      | Found a runed translucent door.
 10415 | D:7      | Noticed Crazy Yiuf
 10421 | D:7      | Killed Crazy Yiuf
 10470 | D:7      | Reached *** piety under Vehumet
 10956 | D:8      | Noticed a two-headed ogre
 10966 | D:8      | Killed a two-headed ogre
 10967 | D:8      | Reached skill level 1 in Hexes
 10967 | D:8      | Reached skill level 1 in Earth Magic
 11975 | D:9      | Noticed Prince Ribbit
 11980 | D:9      | Killed Prince Ribbit
 12432 | D:9      | Reached skill level 1 in Armour
 12854 | D:9      | Offered knowledge of Iskenderun's Mystic Blast by Vehumet.
 12860 | D:9      | Learned a level 4 spell: Iskenderun's Mystic Blast
 13038 | D:9      | Found the +5 woodcutter's axe
 13290 | D:10     | Entered Level 10 of the Dungeon
 13397 | D:10     | Found Tuut's Antique Armour Shoppe.
 13692 | D:10     | Bought a runed cloak for 127 gold pieces
 13925 | D:10     | Found a staircase to the Lair.
 13940 | D:10     | Reached XP level 11. HP: 62/62 MP: 13/25
 14159 | D:10     | Found Ceym's Weapon Boutique.
 14162 | D:10     | Found a staircase to the Orcish Mines.
 14369 | D:10     | Noticed a tengu warrior
 14369 | D:10     | Noticed a seven-headed hydra
 14372 | D:10     | Noticed a green ugly thing
 14484 | D:10     | Reached **** piety under Vehumet
 14698 | D:10     | Noticed an orc knight
 14700 | D:10     | Noticed a catoblepas
 14834 | D:10     | Found a blossoming altar of Fedhas.
 14872 | Lair:1   | Entered Level 1 of the Lair of Beasts
 15308 | Lair:1   | Reached skill level 10 in Fire Magic
 15864 | Lair:1   | Noticed a skyshark
 15879 | Lair:1   | Killed a skyshark
 16118 | Lair:2   | Offered knowledge of Dazzling Flash by Vehumet.
 16125 | Lair:2   | Noticed an eight-headed hydra
 16136 | Lair:2   | Killed an eight-headed hydra
 16137 | Lair:2   | Reached skill level 5 in Fighting
 16139 | Lair:2   | Reached skill level 10 in Conjurations
 16443 | Lair:2   | Noticed a seven-headed hydra
 16462 | Lair:2   | Killed a seven-headed hydra
 16551 | Lair:2   | Learned a level 3 spell: Dazzling Flash
 16740 | Lair:2   | Reached skill level 5 in Hexes
 16825 | Lair:2   | Found a hole to the Spider Nest.
 17138 | Lair:2   | Reached XP level 12. HP: 47/68 MP: 19/27
 17648 | Lair:3   | Found a staircase to the Swamp.
 17767 | Lair:3   | Reached skill level 10 in Dodging
 18122 | Lair:3   | Noticed an eight-headed hydra
 18130 | Lair:3   | Killed an eight-headed hydra
 18773 | D:3      | Bought an amulet of regeneration for 330 gold pieces
 19879 | Lair:5   | Entered Level 5 of the Lair of Beasts
 19879 | Lair:5   | Noticed a boulder beetle
 19891 | Lair:5   | Killed a boulder beetle
 19899 | Lair:4   | Reached skill level 5 in Earth Magic
 20168 | Lair:5   | Noticed Urug
 20172 | Lair:5   | Noticed Sonja
 20179 | Lair:5   | Killed Urug
 20180 | Lair:5   | Reached skill level 10 in Spellcasting
 20242 | Lair:5   | Reached ***** piety under Vehumet
 20253 | Lair:5   | Killed Sonja
 20269 | Lair:5   | Offered knowledge of Lee's Rapid Deconstruction by Vehumet.
 20278 | Lair:5   | Learned a level 5 spell: Lee's Rapid Deconstruction
 20700 | Lair:5   | Reached XP level 13. HP: 68/74 MP: 21/29
 21117 | Lair:5   | Slain by a skyshark

Illustrated notes

Levels and vault maps discovered:
D:1:      ebering_trefoil_3fold, layout_rooms, nicolae_eternal_life,
          minmay_tetromino_o2
D:2:      layout_basic
D:3:      layout_basic, mainiacjoe_overflow_large_starburst,
          cheibrodos_sewer_entry_drain, serial_shops, shop, uniq_natasha
D:4:      layout_basic, st_stairs_9, uniq_sigmund
D:5:      layout_cave_pods, mainiacjoe_overflow_six_doors_small,
          nicolae_uskayaw_suspiria, minmay_temple_entry_waves
D:6:      layout_loops_cross, chequers_temple_overflow_statue_of_worship,
          enter_ossuary_1, minmay_manual_monolith
D:7:      layout_basic, uniq_pikel, uniq_menkaure, uniq_crazy_yiuf_cottage
D:8:      layout_loops_corners
D:9:      layout_rooms, skrybe_limestone_x, serial_bayou_crossing,
          uniq_prince_ribbit1
D:10:     layout_grid_maze, lemuel_tele_altar, david_lair_generic, orc_david_3,
          serial_shops, shop, onia_ninara_dug_in_and_dangerous
Lair:1:   layout_cave_pods, serial_bayou_pond_a
Lair:2:   layout_misc_corridors, hellmonk_spider_entry_life_and_decay
Lair:3:   layout_roguey, swamp_mist
Lair:4:   layout_roguey, minmay_lair_drake_nest
Lair:5:   gammafunk_lair_ancient_temple, layout_regular_city,
          dpeg_slime_entry_enclosed, pdpol_lair_neglected_garden,
          nicolae_lair_time_for_slime, uniq_urug, uniq_sonja

Skill      XL: |  1  2  3  4  5  6  7  8  9 10 11 12 |
---------------+-------------------------------------+-----
Conjurations   | 2 3 4 5 6 8 9 10 11 | 11.4
Fire Magic     | 4 5 6 7 8 9 10 11 | 11.8
Stealth        | 3 4 5 7 8 9 |  9.8
Fighting       | 1 2 3 4 5 |  5.9
Dodging        | 3 4 5 6 8 9 11 | 11.2
Spellcasting   | 4 5 6 7 8 9 10 | 10.1
Hexes          | 3 5 6 |  6.7
Earth Magic    | 2 4 5 |  5.5
Armour         | 1 2 3 |  3.8

Action                     |  1- 3 |  4- 6 |  7- 9 | 10-12 | 13-15 || total
---------------------------+-------+-------+-------+-------+-------++-------
  Melee: Dagger            |    12 |     4 |    39 |    15 |       ||    70
         Punch             |       |       |     2 |       |       ||     2
         Battleaxe         |       |       |       |    45 |     1 ||    46
  Throw: Dart              |       |       |     1 |     1 |       ||     2
   Cast: Foxfire           |    81 |   147 |   185 |   185 |     4 ||   602
         Scorch            |    11 |     9 |    31 |    91 |     2 ||   144
         Inner Flame       |       |     2 |    14 |    26 |       ||    42
         Volatile Blastmot |       |       |     5 |     3 |       ||     8
         Flame Wave        |       |       |     8 |    50 |     2 ||    60
         Stone Arrow       |       |       |       |    32 |     3 ||    35
         Iskenderun's Myst |       |       |       |     5 |     4 ||     9
         Lee's Rapid Decon |       |       |       |     2 |       ||     2
  Evoke: Wand              |       |       |       |     2 |     5 ||     7
    Use: Potion            |     1 |       |     3 |       |       ||     4
         Scroll            |     4 |     6 |    11 |     8 |       ||    29
   Stab: Sleeping          |       |       |     2 |     5 |       ||     7
 Armour: Robe              |    15 |    14 |    54 |     2 |       ||    85
         Acid dragon scale |       |       |       |    85 |    10 ||    95
  Dodge: Dodged            |    39 |    22 |    78 |   197 |    26 ||   362
